AoeStats
← AxingQuestions

Arena

504628706Analyzed
4v4 RM · 25d ago on Sep 6, 2026· 40m 41s· 8 players
Game mode
Random Map
Map size
Large (8 player)
Population
200
Speed
Normal
Resources
Standard
Victory
Conquest
Starting age
Dark Age
Ending age
Imperial Age
RankedLock teamsTeams togetherTeam positionsShared explorationLock speedFull tech treeHidden civsTurbo modeCheats
Victory
Defeat
🇨🇦 Vietnamese · Canada
1280
+15
🇺🇸 Goths · United States
1242
+17
🇨🇦 Koreans · Canada
1230
+19
🇧🇪 Persians · Belgium
1192
+19
🇺🇾 Italians · Uruguay
1330
-21
1263
-17
🇺🇾 Burgundians · Uruguay
1261
-17
🇹🇼 Teutons · Taiwan
1170
-13
AxingQuestions
8:40 Loom
10:31 Feudal Age
14:38 Castle Age
13:33 Double-Bit Axe
13:51 Horse Collar
14:49 Bloodlines
17:31 Husbandry
17:25 Town Watch
18:36 Bow Saw
23:07 Wheelbarrow
22:56 Scale Barding Armor
23:14 Pikeman
25:07 Heavy Plow
25:44 Scale Mail Armor
27:44 Hand Cart
28:07 Forging
28:41 Stone Mining
28:42 Gold Mining
31:17 Chain Barding Armor
31:31 Town Patrol
32:19 Stone Shaft Mining
33:04 Iron Casting
35:05 Imperial Age
33:13 Chain Mail Armor
33:00 Squires
33:50 Masonry
33:58 Man-at-Arms
34:31 Fletching
35:06 Anarchy
35:40 Bodkin Arrow
36:26 Conscription
36:17 Perfusion
35:39 Elite Huskarl
35:43 Long Swordsman
35:52 Halberdier
37:52 Blast Furnace
37:23 Two-Handed Swordsman
38:39 Bracer
39:01 Murder Holes
Chasers
9:28 Loom
11:21 Feudal Age
16:42 Castle Age
25:27 Sanctity
28:54 Double-Bit Axe
29:54 Horse Collar
33:26 Wheelbarrow
34:22 Heavy Plow
35:33 Bow Saw
35:17 Gold Mining
39:22 Hand Cart
38:52 Town Watch
40:39 Fortified Wall
< Cobrander >
10:30 Feudal Age
15:15 Castle Age
13:09 Horse Collar
13:47 Double-Bit Axe
15:50 Gold Mining
16:27 Bow Saw
17:53 Wheelbarrow
17:34 Stone Mining
17:51 Loom
21:27 Fletching
22:33 Padded Archer Armor
22:29 Bodkin Arrow
22:48 Elite Skirmisher
30:27 Ballistics
33:29 Imperial Age
32:24 Leather Archer Armor
32:58 Heavy Plow
33:59 Thumb Ring
33:57 Imperial Skirmisher
36:39 Chemistry
36:35 Ring Archer Armor
38:28 Paper Money
39:29 Bracer
40:25 Hand Cart
39:55 Town Watch
Tangafair
3:44 Loom
11:17 Feudal Age
11:52 Horse Collar
13:25 Double-Bit Axe
16:14 Castle Age
23:49 Wheelbarrow
23:00 Town Watch
24:46 Heavy Plow
24:52 Gold Mining
29:37 Imperial Age
27:44 Fletching
28:09 Forging
28:11 Stone Mining
29:19 Bloodlines
29:09 Husbandry
29:35 Scale Barding Armor
30:34 Iron Casting
30:44 Chain Barding Armor
31:22 Conscription
34:08 Blast Furnace
34:00 Masonry
37:31 Plate Barding Armor
36:58 Fletching
37:52 Elite War Elephant
Kroyen
10:25 Feudal Age
14:04 Castle Age
12:29 Double-Bit Axe
15:26 Horse Collar
16:38 Loom
20:36 Fletching
22:09 Crossbowman
23:35 Bodkin Arrow
24:26 Padded Archer Armor
30:02 Imperial Age
28:55 Ballistics
32:22 Pikeman
32:41 Arbalester
33:57 Arbalester
34:43 Thumb Ring
37:33 Scale Mail Armor
37:44 Forging
40:20 Chain Mail Armor
El Cuco
11:41 Feudal Age
17:49 Castle Age
16:20 Double-Bit Axe
16:28 Gold Mining
17:39 Loom
18:48 Scale Barding Armor
21:13 Bow Saw
28:57 Wheelbarrow
34:43 Forging
36:18 Chain Barding Armor
36:07 Scale Mail Armor
36:15 Pikeman
爱吃糖葫芦的木兰
10:20 Feudal Age
11:12 Loom
14:52 Castle Age
13:23 Double-Bit Axe
14:02 Horse Collar
29:39 Wheelbarrow
33:08 Imperial Age
33:16 Imperial Age
35:22 Scale Barding Armor
35:28 Forging
36:22 Chemistry
36:07 Bow Saw
36:29 Grand Trunk Road
36:02 Heavy Camel Rider
36:54 Bloodlines
36:45 Husbandry
37:32 Chain Barding Armor
37:48 Iron Casting
37:36 Conscription
38:14 Imperial Camel Rider
39:12 Bloodlines
39:41 Plate Barding Armor
39:13 Husbandry
你媽叫你去吃飯
5:44 Loom
8:49 Feudal Age
10:02 Fletching
15:58 Horse Collar
26:24 Castle Age
25:44 Double-Bit Axe
27:49 Wheelbarrow
32:10 Heavy Plow
34:00 Bow Saw
36:14 Hand Cart
41:00 Imperial Age
39:04 Scale Mail Armor
40:01 Forging
40:21 Squires
40:47 Chain Mail Armor
40:01 Pikeman
Connection lost

Rejoining the realm…

Still unreachable

The connection could not be restored.

Session expired

The server has moved on; the page needs a fresh start.